 Dungeon Crawl Stone Soup version 0.31-a0-675-g238779eb0a (webtiles) character file.

Game seed: 7565766575968245087

39 qw the Shooter (level 3, 0/22 HPs)
             Began as a Gargoyle Hunter on Sept 5, 2023.
             Slain by a kobold
             ... wielding a +0 dagger
              (3 damage)
             ... on level 2 of the Dungeon.
             The game lasted 00:00:19 (534 turns).

qw the Shooter (Gargoyle Hunter)                     Turns: 534, Time: 00:00:20

Health: 0/22       AC:  9    Str: 14    XL:     3   Next: 45%
Magic:  3/3        EV: 11    Int:  9    God:
Gold:   44         SH:  0    Dex: 15    Spells: 2/2 levels left

rFire   . . .        Y - +0 shortbow
rCold   . . .        (shield currently unavailable)
rNeg    + . .        c - +0 leather armour
rPois   inf          (no helmet)
rElec   +            (no cloak)
rCorr   .            d - +2 pair of gloves
SInv    .            (no boots)
Will    .....        (no amulet)
Stlth   ++           (no ring)
HPRegen 0.23/turn    (no ring)
MPRegen 0.08/turn

%: no passive effects
@: no status effects
A: sickness immunity, AC +3, negative energy resistance 1, electricity
resistance, torment resistance 1, petrification resistance
a: no special abilities


You were on level 2 of the Dungeon.
You visited 1 branch of the dungeon, and saw 2 of its levels.

You collected 44 gold pieces.


Innate Abilities, Weirdness & Mutations

You are immune to sickness and miasma.
Your stone body is resilient. (AC +3)
You are immune to poison.
You resist negative energy. (rN+)
You are resistant to electric shocks. (rElec)
You are resistant to unholy torment.
You are immune to petrification.


   Skills:
 + Level 2.6 Fighting
 - Level 5.0 Ranged Weapons
 - Level 1.5 Dodging
 - Level 1.1 Stealth


You had 2 spell levels left.
You didn't know any spells.
Your spell library was empty.

Inventory:

Hand Weapons
 Y - a +0 shortbow (weapon)
Armour
 c - a +0 leather armour (worn)
 d - a +2 pair of gloves (worn)
Jewellery
 e - a ring of fire
Scrolls
 a - a scroll of amnesia {unknown}
 b - a scroll of enchant weapon {unknown}

Dungeon Overview and Level Annotations

Branches:
Dungeon (2/15)

Altars:

Shops:
D:1 (


Message History

You shoot an arrow.
The arrow hits the goblin but does no damage.
The goblin is heavily wounded.
The goblin barely misses you. The goblin hits you with a +0 dagger.
The kobold closely misses you. The goblin hits you but does no damage.
The goblin barely misses you. The kobold hits you but does no damage.
You shoot an arrow. The hobgoblin shouts!
The arrow hits the goblin.
You kill the goblin!
The kobold hits you but does no damage. The goblin hits you with a +0 dagger.
You shoot an arrow. The arrow hits Robin.
Robin is severely wounded.
The kobold closely misses you. Robin hits you but does no damage.
The goblin misses you.
You shoot an arrow. The arrow hits Robin!
You kill Robin!
The kobold hits you but does no damage. The goblin barely misses you.
You shoot an arrow. The arrow closely misses the goblin.
The goblin hits you but does no damage. The kobold hits you but does no damage.
The goblin hits you but does no damage.
You shoot an arrow. The arrow barely misses the goblin.
The goblin barely misses you. The kobold hits you with a +0 dagger.
The goblin hits you but does no damage. x2; The kobold barely misses you.
The goblin hits you with a +0 dagger.
You shoot an arrow. The arrow closely misses the goblin.
The kobold barely misses you.
The goblin hits you but does no damage. x2
You shoot an arrow. The arrow barely misses the goblin.
The kobold hits you but does no damage. The goblin closely misses you. x2
You shoot an arrow. The arrow closely misses the goblin.
The goblin hits you with a +0 dagger. The kobold barely misses you.
The goblin closely misses you.
You shoot an arrow.
The arrow hits the goblin but does no damage.
The goblin closely misses you. The kobold hits you but does no damage.
The goblin hits you with a +0 dagger.
You shoot an arrow. The arrow hits the goblin.
You kill the goblin!
The kobold hits you with a +0 dagger.
You die...

####### ###
....... .>#
#.?.... #.#
....... #.#
##....g##.#######
..)).gK@).......#
.########.#####.#
#.# #.# ###.# #.#
##...# #.#
##..#.#####.#
#..}........#
#......######
#.._.}##


You could see a hobgoblin, a goblin and a kobold.

Vanquished Creatures
  Robin (D:2)
  3 bats
  An endoplasm (D:1)
  12 goblins
  2 hobgoblins
  2 quokkas
  A ball python (D:1)
  2 frilled lizards (D:1)
  2 kobolds (D:1)
  A rat (D:1)
27 creatures vanquished.

Notes
Turn   | Place    | Note
-------+----------+-------------------------------------------
     0 | D:1      | qw the Gargoyle Hunter began the quest for the Orb.
     0 | D:1      | Reached XP level 1. HP: 12/12 MP: 1/1
     0 | D:1      | 0 ||| qw: Version: 0.3-a-75-g829b12e
     0 | D:1      | 0 ||| qw: Game counter: 183
     0 | D:1      | 0 ||| qw: Melee chars always use a shield: true
     0 | D:1      | 0 ||| qw: God list: Okawaru
     0 | D:1      | 0 ||| qw: Allow faded altars: false
     0 | D:1      | 0 ||| qw: Do Orc after clearing Dungeon:15 true
     0 | D:1      | 0 ||| qw: Do second Lair branch before Depths: true
     0 | D:1      | 0 ||| qw: Lair rune preference: random
     0 | D:1      | 0 ||| qw: Goals: Normal
     0 | D:1      | 0 ||| PLANNING D:1-11
   145 | D:1      | Reached XP level 2. HP: 17/17 MP: 2/2
   207 | D:1      | Found Ruusk's Weapon Shoppe.
   379 | D:1      | 379 ||| UPGRADING to +2 pair of gloves.
   384 | D:1      | 384 ||| DROPPING ring of flight.
   385 | D:1      | 385 ||| READING 3 scrolls labelled ZABERO OLON.
   386 | D:1      | 386 ||| READING scroll labelled XESILU UTREOW.
   387 | D:1      | 387 ||| DROPPING 2 scrolls of vulnerability.
   388 | D:1      | 388 ||| DROPPING scroll of butterflies.
   464 | D:2      | Found a faded altar of an unknown god.
   501 | D:2      | 501 ||| Stepping ~*~*~tactically~*~*~ (retreating).
   511 | D:2      | Reached XP level 3. HP: 21/21 MP: 3/3
   516 | D:2      | Noticed Robin
   521 | D:2      | Reached skill level 5 in Ranged Weapons
   527 | D:2      | Killed Robin
   533 | D:2      | HP: 3/22 [goblin/+0 dagger[Robin] (5)]
   534 | D:2      | Slain by a kobold

Levels and vault maps discovered:
D:1:      dpeg_arrival_connections, layout_rooms, serial_shops,
          nicolae_shop_back_alley_shop
D:2:      layout_basic, hellmonk_ecumenical_altar_run_dry, uniq_robin,
          uniq_jessica

Skill      XL: |  1  2  3 |
---------------+----------+-----
Ranged Weapons | 5 |  5.0
Fighting       | |  2.6
Dodging        | |  1.5
Stealth        | |  1.1

Action                     || total
---------------------------++-------
   Fire: Shortbow          ||    77
    Use: Scroll            ||     2
 Armour: Leather armour    ||    41
  Dodge: Dodged            ||    32

Table legend:
 A = Non-vault XP
 B = Vault XP
 C = Vault XP percentage of total XP
 D = Non-vault monster count
 E = Vault monster count
 F = Vault count percentage of total count
                 A         B        C        D         E       F
            +---------+---------+-------+---------+---------+-------
      Total |      25 |      33 |  56.9 |      16 |      11 |  40.7
            +---------+---------+-------+---------+---------+-------
        D:1 |      19 |       0 |   0.0 |      13 |       0 |   0.0
        D:2 |       6 |      33 |  84.6 |       3 |      11 |  78.6
            +---------+---------+-------+---------+---------+-------
